 Dungeon Crawl Stone Soup version 0.26.1-11-gd32895ea62 (webtiles) character file.

Game seed: 2063970707176697831

805 Zeld the Digger (level 7, -2/36 HPs)
             Began as a Gargoyle Earth Elementalist on June 6, 2021.
             Killed from afar by a white imp (4 damage)
             ... with a puff of frost
             ... on level 5 of the Dungeon.
             The game lasted 00:06:29 (4336 turns).

Zeld the Digger (Gargoyle Earth Elementalist)       Turns: 4336, Time: 00:06:30

Health: -2/36      AC:  8    Str: 12    XL:     7   Next: 91%
Magic:  3/15       EV: 12    Int: 17    God:
Gold:   223        SH:  0    Dex: 10    Spells: 7/17 levels left

rFire    . . .     SeeInvis +     - Unarmed
rCold    . . .     Faith    .   (no shield)
rNeg     + . .     Spirit   .   c - +0 robe
rPois    ∞         Reflect  .   p - +1 helmet
rElec    +         Harm     .   (no cloak)
rCorr    .         Rampage  .   (no gloves)
Will     .....                  (no boots)
Stlth    ++........             (no amulet)
HPRegen  0.12/turn              s - ring of see invisible
MPRegen  0.14/turn              (no ring)

@: no status effects
A: negative energy resistance 1, electricity resistance, unbreathing,
petrification resistance, miasma immunity, AC +4
a: no special abilities


You were on level 5 of the Dungeon.
You visited 1 branch of the dungeon, and saw 5 of its levels.

You collected 223 gold pieces.

Inventory:

Armour
 c - a +0 robe (worn)
 p - a +1 helmet (worn)
Jewellery
 s - a ring of see invisible (left hand)
Scrolls
 e - a scroll of fear {unknown}
 f - 4 scrolls of remove curse {unknown}
 h - 2 scrolls of enchant armour {unknown}
 i - 4 scrolls of identify {unknown}
 j - a scroll of teleportation {unknown}
 k - 2 scrolls of noise {unknown}
 n - a scroll of random uselessness {unknown}
 q - a scroll of magic mapping {unknown}
 r - a scroll of enchant weapon {unknown}
 t - a scroll of immolation {unknown}
 u - a scroll of fog {unknown}
Potions
 a - 2 potions of curing {unknown}
 d - a potion of magic {unknown}
 g - a potion of lignification {unknown}
 l - 2 potions of might {unknown}
 m - a potion of invisibility {unknown}
 o - 2 potions of berserk rage {unknown}


   Skills:
 + Level 2.3 Dodging
 + Level 2.8 Stealth
 + Level 1.2 Unarmed Combat
 + Level 5.5 Spellcasting
 + Level 0.7 Transmutations
 + Level 7.6 Earth Magic


You had 7 spell levels left.
You knew the following spells:

 Your Spells              Type           Power        Failure   Level
a - Sandblast             Erth           60%          1%          1
b - Passwall              Tmut/Erth      15%          3%          2
c - Stone Arrow           Conj/Erth      34%          9%          3
d - Petrify               Tmut/Erth      18%          24%         4

Your spell library contained the following spells:

 Spells                   Type           Power        Failure   Level
 Lee's Rapid Deconstruct  Erth           15%          16%         5


Dungeon Overview and Level Annotations

Branches:
Dungeon (5/15)
 Temple: D:4-7

Altars:
Makhleb
Nemelex Xobeh
Ru
Zin

Annotations:
D:5 Pikel


Innate Abilities, Weirdness & Mutations

You are resistant to torment.
Your stone body is resilient. (AC +4)
You are immune to poison.
You resist negative energy. (rN+)
You are resistant to electric shocks. (rElec)
You can survive without breathing.
You are immune to petrification.
You are immune to miasma.


Message History

Unknown command.
The white imp gestures at you. The puff of frost hits you!
* * * LOW HITPOINT WARNING * * *
2 orcs come into view.
The white imp gestures at you. The puff of frost hits you.
* * * LOW HITPOINT WARNING * * *
The white imp gestures at you. The puff of frost hits you.
* * * LOW HITPOINT WARNING * * *
Found 7 gold pieces.
The orc shouts! x2; You hear a shout!
Found 11 gold pieces.
A skeleton and a dart slug come into view.
Found a bubbling black potion.
You see here a bubbling black potion.
The white imp gestures at you. The puff of frost hits you.
You die...

#.......# #.......###
#......... #.......#
##.......###
#.......... #$...w..#
#.......##
##..Z.!@.###
#....##...# #5####
##.####### #.#
#........ #.#
#........
##5#######.....<..
#.....5o.K†.......
#...o..######........
#....o.# #........


You could see a white imp, a dart slug (wandering) and an adder skeleton.

Vanquished Creatures
  A phantom (D:4)
  An ogre (D:4)
  2 scorpions
  2 howler monkeys (D:4)
  A bullfrog skeleton (D:4)
  An orc priest (D:4)
  2 hounds (D:4)
  A centaur skeleton (D:4)
  4 orc wizards
  2 worker ants (D:4)
  8 adders
  A worm (D:2)
  2 leopard geckos
  7 orcs
  2 ball pythons
  5 bats
  4 giant cockroaches
  6 goblins
  7 hobgoblins
  9 jackals
  2 kobolds (D:1)
  3 quokkas
  A frilled lizard (D:1)
  7 rats
81 creatures vanquished.

Notes
Turn   | Place    | Note
-------+----------+-------------------------------------------
     0 | D:1      | Zeld the Gargoyle Earth Elementalist began the quest for
                  | the Orb.
     0 | D:1      | Reached XP level 1. HP: 10/10 MP: 3/3
   359 | D:1      | Reached skill level 4 in Earth Magic
   359 | D:1      | Reached XP level 2. HP: 15/15 MP: 3/5
   397 | D:1      | Learned a level 2 spell: Passwall
  1156 | D:2      | Reached XP level 3. HP: 19/19 MP: 2/6
  1160 | D:2      | Learned a level 3 spell: Stone Arrow
  1847 | D:2      | Reached XP level 4. HP: 20/24 MP: 1/8
  2243 | D:3      | Reached skill level 5 in Earth Magic
  2313 | D:3      | Found a burning altar of Makhleb.
  2716 | D:3      | Reached XP level 5. HP: 28/28 MP: 4/10
  2782 | D:3      | Found a sacrificial altar of Ru.
  3053 | D:4      | Reached skill level 1 in Unarmed Combat
  3151 | D:4      | Reached XP level 6. HP: 19/32 MP: 2/11
  3160 | D:3      | Learned a level 4 spell: Petrify
  3385 | D:4      | Noticed a phantom
  3394 | D:4      | Killed a phantom
  3395 | D:4      | Reached skill level 6 in Earth Magic
  3730 | D:4      | Found a sparkling altar of Nemelex Xobeh.
  3736 | D:4      | Reached XP level 7. HP: 36/36 MP: 11/14
  3816 | D:4      | Reached skill level 5 in Spellcasting
  4129 | D:4      | Reached skill level 7 in Earth Magic
  4301 | D:5      | Entered Level 5 of the Dungeon
  4301 | D:5      | Found a glowing silver altar of Zin.
  4321 | D:5      | Noticed Pikel
  4327 | D:5      | HP: 1/36 [white imp/puff of frost (4)]
  4336 | D:5      | Killed from afar by a white imp

Illustrated notes

Levels and vault maps discovered:
D:1:      mainiacjoe_arrival_reflecting_pool, layout_basic
D:2:      layout_basic, minmay_crystal_water, grunt_ministairs_3
D:3:      layout_rooms, bloody_makhleb, nicolae_ru_path_of_blood
D:4:      layout_loops_cross, nemelex_xobeh_ov_fountains_minmay
D:5:      layout_rooms, elyvilon_altar_4, basic_altar, serial_shops, shop,
          gup_sewer_entry_bubbles, uniq_duvessa, uniq_pikel

Skill      XL: |  1  2  3  4  5  6  7 |
---------------+----------------------+-----
Earth Magic    | 4 5 6 7 |  7.6
Spellcasting   | 3 4 5 |  5.5
Dodging        | 2 |  2.3
Unarmed Combat | 1 |  1.2
Stealth        | |  2.8
Transmutations | |  0.7

Action                   |  1- 3 |  4- 6 |  7- 9 || total
-------------------------+-------+-------+-------++-------
Melee: Unarmed           |     2 |    30 |       ||    32
 Cast: Sandblast         |    40 |    89 |    30 ||   159
Armor: Robe              |    10 |    29 |     5 ||    44
Dodge: Dodged            |     7 |    55 |    10 ||    72
